 Dungeon Crawl Stone Soup version 0.30-a0-779-g7971cf19c3 (webtiles) character file.

Game seed: 13752818799755358873

2039 Crownlay the Frost Mage (level 9, -2/61 (65) HPs)
             Began as a Gnoll Ice Elementalist on Feb 16, 2023.
             Was a Believer of Uskayaw.
             Slain by a wight
             ... wielding a +6 great sword
              (19 damage)
             ... on level 7 of the Dungeon on Feb 17, 2023.
             The game lasted 00:14:18 (7852 turns).

Crownlay the Frost Mage (Gnoll Ice Elementalist)    Turns: 7852, Time: 00:14:19

HP:   -2/61 (65)    AC: 12    Str: 14    XL:     9   Next: 24%
MP:   6/18          EV: 14    Int: 18    God:    Uskayaw [**....]
Gold: 488           SH:  0    Dex: 13    Spells: 10/21 levels left

rFire   . . .      SeeInvis .    x - +6 mace
rCold   . . .      Faith    .    (no shield)
rNeg    . . .      Spirit   .    a - +0 robe
rPois   .          Reflect  .    D - +0 helmet
rElec   .          Harm     .    (no cloak)
rCorr   .          Rampage  .    p - +0 pair of gloves
Will    +....                    (no boots)
Stlth   +++                      C - amulet of the acrobat
HPRegen 0.30/turn                k - ring of willpower
MPRegen 0.16/turn                H - +6 ring of strength

@: ice-armoured, freezing walls, very slightly contaminated, drained
A: fangs 1, strong nose, distributed training
a: Renounce Religion, Stomp, Line Pass


You were on level 7 of the Dungeon.
You worshipped Uskayaw.
Uskayaw was noncommittal.
You visited 2 branches of the dungeon, and saw 9 of its levels.

You collected 488 gold pieces.

Inventory:

Hand Weapons
 x - a +6 mace (weapon)
Missiles
 q - 14 javelins
 r - 3 boomerangs
Armour
 a - a +0 robe (worn)
 p - a +0 pair of gloves (worn)
 D - a +0 helmet (worn)
Jewellery
 k - a ring of willpower (left hand)
 n - a ring of resist corrosion
 C - an amulet of the acrobat (around neck)
 H - a +6 ring of strength (right hand)
Wands
 j - a wand of acid (12)
 A - a wand of mindburst (5)
 B - a wand of roots (9)
 G - a wand of charming (6)
Scrolls
 d - 6 scrolls of teleportation
 f - a scroll of enchant armour {unknown}
 h - 2 scrolls of blinking
 l - a scroll of silence {unknown}
 s - 2 scrolls of vulnerability
 u - 2 scrolls of fear
 v - 2 scrolls of torment
 y - 2 scrolls of magic mapping
 E - a scroll of brand weapon {unknown}
 F - a scroll of noise {unknown}
Potions
 b - a potion of magic
 c - a potion of mutation {unknown}
 e - a potion of lignification {unknown}
 g - 2 potions of ambrosia
 i - 3 potions of curing
 m - a potion of cancellation {unknown}
 o - 3 potions of flight
 t - 2 potions of degeneration {unknown}
 w - 2 potions of attraction
 z - a potion of might {unknown}


   Skills:
 + Level 4.2 Fighting
 + Level 4.2 Short Blades
 + Level 4.2 Long Blades
 + Level 4.2 Axes
 + Level 4.2 Maces & Flails
 + Level 4.2 Polearms
 + Level 4.2 Staves
 + Level 4.2 Ranged Weapons
 + Level 4.2 Throwing
 + Level 4.2 Armour
 + Level 6.3 Dodging
 + Level 6.0 Stealth
 + Level 4.2 Shields
 + Level 4.2 Unarmed Combat
 + Level 6.6 Spellcasting
 + Level 3.4 Conjurations
 + Level 3.4 Hexes
 + Level 3.4 Summonings
 + Level 3.4 Necromancy
 + Level 3.4 Translocations
 + Level 3.4 Transmutations
 + Level 3.4 Fire Magic
 + Level 8.0 Ice Magic
 + Level 3.4 Air Magic
 + Level 3.4 Earth Magic
 + Level 3.4 Poison Magic
 + Level 4.6 Invocations
 + Level 4.2 Evocations


You had 10 spell levels left.
You knew the following spells:

 Your Spells              Type           Power      Damage    Failure   Level
a - Freeze                Ice            100%       1d10      1%          1
b - Frozen Ramparts       Ice            68%        1d11      1%          3
c - Ozocubu's Armour      Ice            34%        N/A       1%          3
d - Sandblast             Erth           36%        2d10      2%          1
e - Stone Arrow           Conj/Erth      36%        3d9       9%          3

Your spell library contained the following spells:

 Spells                   Type           Power      Damage    Failure   Level
 Necrotise                Necr           72%        1d7       2%          1
 Blink                    Tloc           36%        N/A       4%          2
 Lesser Beckoning         Tloc           36%        N/A       4%          2
 Momentum Strike          Conj/Tloc      36%        3d9       4%          2
 Passwall                 Tmut/Erth      15%        N/A       4%          2
 Gell's Gravitas          Tloc           18%        N/A       9%          3
 Teleport Other           Tloc           18%        N/A       9%          3
 Vampiric Draining        Necr           18%        2d7       9%          3
 Summon Ice Beast         Ice/Summ       26%        N/A       11%         4
 Agony                    Necr           18%        N/A       58%         5
 Dispersal                Tloc           9%         N/A       99%         6


Dungeon Overview and Level Annotations

Branches:
Dungeon (8/15)             Temple (1/1) D:7            Lair (0/5) D:8

Altars:
Cheibriados
Dithmenos
Elyvilon
Fedhas
Gozag
Hepliaklqana
Kikubaaqudgha
Nemelex Xobeh
Okawaru
Qazlal
Ru
Sif Muna
Trog
Uskayaw
Wu Jian
Xom
Yredelemnul
Zin
The Shining One


Innate Abilities, Weirdness & Mutations

You have very sharp teeth.
Your uncanny sense of smell can sniff out nearby items.
Your experience applies equally to all skills.


Message History

The wight hits you with a +6 great sword.
You feel drained.
The wall freezes the wight but does no damage.
The blast of sand hits the wight.
The wight is severely damaged.
The wight completely resists.
The wall freezes the wight but does no damage.
The wight hits you with a +6 great sword!
You feel drained.
The wight completely resists.
The wall freezes the wight but does no damage.
You can now pass through a line of other dancers.
You are too injured to fight recklessly!
Casting: Sandblast (safe; 2% risk of failure)
Confirm with . or Enter, or press ? or * to list all spells.
Aiming: Sandblast (safe; 2% risk of failure)
Press: ? - help, Shift-Dir - straight line, f/p - wight
Aim: a wight, wielding a +6 great sword and wearing a +0 robe (severely damaged, 82% to hit)
The blast of sand hits the wight but does no damage.
The wight is severely damaged.
The wight resists.
The wall freezes the wight.
The wight hits you with a +6 great sword!
* * * LOW HITPOINT WARNING * * *
The wight completely resists.
The wall freezes the wight but does no damage.
The wight completely resists.
The wall freezes the wight but does no damage.
The wight completely resists.
The wall freezes the wight but does no damage.
The wight misses you.
Casting: Sandblast (safe; 2% risk of failure)
Confirm with . or Enter, or press ? or * to list all spells.
Aiming: Sandblast (safe; 2% risk of failure)
Press: ? - help, Shift-Dir - straight line, f/p - wight
Aim: a wight, wielding a +6 great sword and wearing a +0 robe (severely damaged, 82% to hit)
You miscast Sandblast.
You are very lightly contaminated with residual magic.
Nothing appears to happen.
The wight completely resists.
The wall freezes the wight but does no damage.
The wight hits you with a +6 great sword!!
You die...

#.# #z# ... #z# ∆
#.# ##### #z#
#...# #z#∆
#######...######@#
......)...'...##.#
###...#...###.##.#
##..#.....#
#.##.#∆
#...#.....# #....#
..#.#.#..## ######
...###.....
#...#...#..# ∆
.#.....#....


You could see 4 wights.

Vanquished Creatures
  A hornet (D:5)
  Prince Ribbit (D:8)
  Edmund (D:4)
  2 orc warriors
  2 ice beasts
  An ogre (D:5)
  A centaur (D:7)
  2 necrophages
  A gnoll sergeant (D:5)
  3 scorpions
  3 hounds
  Natasha (thrice) (D:3)
  Ijyb (D:4)
  3 iguanas
  5 orc wizards
  5 gnolls
  13 adders
  A white imp (D:7)
  A dart slug (D:1)
  11 orcs
  8 endoplasms
  2 giant cockroaches (D:1)
  7 goblins
  5 hobgoblins
  8 jackals
  11 kobolds
  3 quokkas
  9 ball pythons
  4 bats
  4 frilled lizards
  4 rats (D:3)
126 creatures vanquished.

Vanquished Creatures (others)
  4 plants (D:4)
4 creatures vanquished.

Grand Total: 130 creatures vanquished

Notes
Turn   | Place    | Note
-------+----------+-------------------------------------------
     0 | D:1      | Crownlay the Gnoll Ice Elementalist began the quest for the
                  | Orb.
     0 | D:1      | Reached XP level 1. HP: 13/13 MP: 6/6
   228 | D:1      | Reached XP level 2. HP: 19/19 MP: 5/7
   929 | D:2      | Reached skill level 5 in Spellcasting
   929 | D:2      | Reached XP level 3. HP: 25/25 MP: 4/9
  1021 | D:1      | Learned a level 3 spell: Frozen Ramparts
  1025 | D:1      | Learned a level 3 spell: Ozocubu's Armour
  1027 | D:1      | Learned a level 1 spell: Sandblast
  1168 | D:2      | Reached skill level 1 in Invocations
  1448 | D:2      | Reached skill level 1 in Fighting
  1448 | D:2      | Reached skill level 1 in Short Blades
  1448 | D:2      | Reached skill level 1 in Long Blades
  1448 | D:2      | Reached skill level 1 in Axes
  1448 | D:2      | Reached skill level 1 in Maces & Flails
  1448 | D:2      | Reached skill level 1 in Polearms
  1448 | D:2      | Reached skill level 1 in Staves
  1448 | D:2      | Reached skill level 1 in Ranged Weapons
  1448 | D:2      | Reached skill level 1 in Throwing
  1448 | D:2      | Reached skill level 1 in Armour
  1448 | D:2      | Reached skill level 1 in Shields
  1448 | D:2      | Reached skill level 1 in Unarmed Combat
  1448 | D:2      | Reached skill level 1 in Evocations
  2105 | D:2      | Reached XP level 4. HP: 32/32 MP: 7/11
  2705 | D:3      | Reached skill level 1 in Conjurations
  2705 | D:3      | Reached skill level 1 in Hexes
  2705 | D:3      | Reached skill level 1 in Summonings
  2705 | D:3      | Reached skill level 1 in Necromancy
  2705 | D:3      | Reached skill level 1 in Translocations
  2705 | D:3      | Reached skill level 1 in Transmutations
  2705 | D:3      | Reached skill level 1 in Fire Magic
  2705 | D:3      | Reached skill level 1 in Air Magic
  2705 | D:3      | Reached skill level 1 in Earth Magic
  2705 | D:3      | Reached skill level 1 in Poison Magic
  3178 | D:3      | Found a faded altar of an unknown god.
  3451 | D:3      | Reached XP level 5. HP: 34/37 MP: 9/12
  3667 | D:3      | Noticed Natasha
  3673 | D:3      | Killed Natasha
  3877 | D:3      | Noticed Natasha
  3883 | D:3      | Killed Natasha
  3973 | D:3      | Noticed Natasha
  3978 | D:3      | Killed Natasha
  3979 | D:3      | Reached XP level 6. HP: 34/44 MP: 3/14
  4065 | D:4      | Noticed an orc warrior
  4083 | D:3      | Reached skill level 5 in Dodging
  4545 | D:4      | Noticed Edmund
  4568 | D:4      | Killed Edmund
  4569 | D:4      | Reached XP level 7. HP: 24/51 MP: 2/15
  4681 | D:4      | Reached skill level 5 in Stealth
  4823 | D:4      | Found a hazy altar of Hepliaklqana.
  4859 | D:4      | Found a sacrificial altar of Ru.
  4859 | D:4      | Found an opulent altar of Gozag.
  4860 | D:4      | Found a shimmering altar of Xom.
  4861 | D:4      | Found an ornate altar of the Wu Jian Council.
  4861 | D:4      | Found a white marble altar of Elyvilon.
  4861 | D:4      | Found a stormy altar of Qazlal.
  4861 | D:4      | Found a blossoming altar of Fedhas.
  4864 | D:4      | Noticed Ijyb
  4882 | D:4      | Killed Ijyb
  5456 | D:5      | Entered Level 5 of the Dungeon
  5509 | D:5      | Noticed a hornet
  5514 | D:5      | Killed a hornet
  5515 | D:5      | Reached XP level 8. HP: 44/58 MP: 6/17
  5662 | D:5      | You fall into a shaft and drop 3 floors!
  5685 | D:8      | Found a staircase to the Lair.
  5701 | D:8      | Noticed Prince Ribbit
  5721 | D:8      | Killed Prince Ribbit
  5930 | D:7      | Found a staircase to the Ecumenical Temple.
  5936 | Temple   | Entered the Ecumenical Temple
  5973 | Temple   | Became a worshipper of Uskayaw the Reveller
  6074 | D:5      | Reached * piety under Uskayaw
  6077 | D:5      | Reached ** piety under Uskayaw
  6079 | D:5      | Reached *** piety under Uskayaw
  6082 | D:5      | Reached **** piety under Uskayaw
  6792 | D:6      | Reached XP level 9. HP: 65/65 MP: 8/18
  7543 | D:6      | Learned a level 3 spell: Stone Arrow
  7543 | D:6      | Upgraded the game from 0.30-a0-778-g2ef04afb54 to
                  | 0.30-a0-779-g7971cf19c3
  7642 | D:7      | Reached skill level 8 in Ice Magic
  7852 | D:7      | Slain by a wight

Illustrated notes

Levels and vault maps discovered:
D:1:      co_arrival_square_in_a_square_in_a_square, layout_basic,
          kennysheep_nondescript
D:2:      layout_basic, minmay_tetromino_s4
D:3:      layout_basic, basic_ecumenical_altar, minmay_snake_closets,
          uniq_natasha
D:4:      cheibrodos_old_hovel, layout_cave_pools, mainiacjoe_overflow_alcove_4,
          grunt_temple_overflow_open, nrook_campfire, uniq_edmund, uniq_ijyb
D:5:      layout_loops_ring, nicolae_grassy_gnolls
D:6:      layout_gridville
D:7:      layout_basic, fiery_altar_vehumet, minmay_temple_entry_arrows,
          nicolae_sextant
D:8:      layout_cave_pools, lair_entry_dummy, uniq_prince_ribbit1
Temple:   nicolae_temple_bog_church

Skill      XL: |  1  2  3  4  5  6  7  8  9 |
---------------+----------------------------+-----
Spellcasting   | 5 6 |  6.6
Invocations    | 1 2 3 4 |  4.6
Fighting       | 1 2 3 4 |  4.2
Short Blades   | 1 2 3 4 |  4.2
Long Blades    | 1 2 3 4 |  4.2
Axes           | 1 2 3 4 |  4.2
Maces & Flails | 1 2 3 4 |  4.2
Polearms       | 1 2 3 4 |  4.2
Staves         | 1 2 3 4 |  4.2
Ranged Weapons | 1 2 3 4 |  4.2
Throwing       | 1 2 3 4 |  4.2
Armour         | 1 2 3 4 |  4.2
Shields        | 1 2 3 4 |  4.2
Unarmed Combat | 1 2 3 4 |  4.2
Evocations     | 1 2 3 4 |  4.2
Conjurations   | 1 2 3 |  3.4
Hexes          | 1 2 3 |  3.4
Summonings     | 1 2 3 |  3.4
Necromancy     | 1 2 3 |  3.4
Translocations | 1 2 3 |  3.4
Transmutations | 1 2 3 |  3.4
Fire Magic     | 1 2 3 |  3.4
Air Magic      | 1 2 3 |  3.4
Earth Magic    | 1 2 3 |  3.4
Poison Magic   | 1 2 3 |  3.4
Dodging        | 5 6 |  6.3
Stealth        | 5 6 |  6.0
Ice Magic      | 8 |  8.0

Action                     |  1- 3 |  4- 6 |  7- 9 || total
---------------------------+-------+-------+-------++-------
  Melee: Unarmed           |     8 |    11 |       ||    19
         Bite              |       |     1 |     1 ||     2
         Mace              |       |     6 |    19 ||    25
   Cast: Freeze            |    55 |    45 |    57 ||   157
         Frozen Ramparts   |       |     8 |    17 ||    25
         Ozocubu's Armour  |       |     7 |    13 ||    20
         Sandblast         |       |     9 |    55 ||    64
    Use: Scroll            |       |     5 |     8 ||    13
         Potion            |       |       |     3 ||     3
   Stab: Sleeping          |     2 |       |       ||     2
         Paralysed         |       |       |     1 ||     1
 Armour: Robe              |     4 |     9 |    44 ||    57
  Dodge: Dodged            |    31 |    41 |    75 ||   147

Table legend: (Time is in decaauts)
 A = Elapsed time spent in this place.
 B = Non-inter-level travel time spent in this place.
 C = Inter-level travel time spent in this place.
 D = Time resting spent in this place.
 E = Time spent auto-exploring this place.
 F = Levels seen in this place.
 G = Mean time per level.
                   A        B        C        D        E       F      G
               +--------+--------+--------+--------+--------+-----+--------+
         Total |   7893 |   7336 |    557 |    226 |   6030 |   9 |  877.0 |
       Dungeon |   7838 |   7304 |    534 |    226 |   6011 |   8 |  979.8 |
        Temple |     55 |     32 |     23 |      0 |     19 |   1 |   55.0 |
               +--------+--------+--------+--------+--------+-----+--------+

Top non-repeatable levels by time:
     D:3: 1831 daAuts
     D:2: 1481 daAuts
     D:1: 1097 daAuts
     D:4: 1057 daAuts
     D:6: 908 daAuts
     D:5: 887 daAuts
     D:7: 412 daAuts
     D:8: 160 daAuts
  Temple: 55 daAuts
